 Dungeon Crawl Stone Soup version 0.30.0-29-ga12c61a403 (webtiles) character file.

Game seed: 7120110005526200219

3616 IndexError the Thaumaturge (level 10, -3/75 HPs)
             Began as a Djinni Conjurer on June 7, 2023.
             Was an Initiate of Ashenzari.
             Slain by a troll (12 damage)
             ... on level 8 of the Dungeon.
             The game lasted 00:11:15 (8732 turns).

IndexError the Thaumaturge (Djinni Conjurer)        Turns: 8732, Time: 00:11:16

Health: -3/75      AC:  9    Str:  6    XL:     10   Next: 32%
Gold:   378        EV: 12    Int: 23    God:    Ashenzari [......] SH:  0 Dex: 13

rFire   + + .        s - staff of poison {rPois}
rCold   . . .        (no shield)
rNeg    . . .        a - +0 robe
rPois   ∞            q - +0 helmet
rElec   .            e - +0 cloak
rCorr   .            d - +0 pair of gloves
SInv    .            (boots unavailable)
Will    +....        (no amulet)
Stlth   ++           b - ring of protection from cold {rC+, !d}
HPRegen 0.32/turn    w - +4 ring of protection
MPRegen 0.00/turn

%: infuse magic (-4 HP)
@: flying
A: sickness immunity, fire resistance 2, cold vulnerability 1, float, innate
caster, HP casting, extra vitality 1
a: Renounce Religion


You were on level 8 of the Dungeon.
You worshipped Ashenzari.
Ashenzari was noncommittal.
You visited 2 branches of the dungeon, and saw 9 of its levels.

You collected 378 gold pieces.

Inventory:

Missiles
 G - 2 throwing nets {=f, !d}
 H - 6 javelins
 J - 14 boomerangs of dispersal {=f}
Armour
 a - a +0 robe (worn)
 d - a +0 pair of gloves (worn)
   (You found it on level 1 of the Dungeon)
 e - a +0 cloak (worn)
   (You found it on level 3 of the Dungeon)
 q - a +0 helmet (worn)
   (You took it off Robin on level 2 of the Dungeon)
 C - a scarf of repulsion
   (You found it on level 4 of the Dungeon)
Magical Staves
 s - a staff of poison (weapon) {rPois}
   (You found it on level 2 of the Dungeon)
 I - a staff of earth
   (You found it on level 6 of the Dungeon)
 K - a staff of cold {rC+}
   (You found it on level 7 of the Dungeon)
Jewellery
 b - a ring of protection from cold (left hand) {rC+, !d}
   (You found it on level 1 of the Dungeon)
 w - a +4 ring of protection (right hand)
   (You took it off a hobgoblin on level 2 of the Dungeon)
 A - a ring of protection from fire {rF+, !d}
   (You found it on level 4 of the Dungeon)
 L - a ring of see invisible {sInv, !d}
   (You found it on level 8 of the Dungeon)
Wands
 u - a wand of charming (11)
   (You found it on level 2 of the Dungeon)
 y - a wand of flame (13)
   (You found it on level 4 of the Dungeon)
 z - a wand of quicksilver (8)
   (You found it on level 4 of the Dungeon)
Scrolls
 c - 10 scrolls of identify {unknown}
 h - a scroll of enchant armour {unknown}
 i - 9 scrolls of teleportation {unknown}
 l - 3 scrolls of fear {unknown}
 n - a scroll of torment {unknown}
 o - 2 scrolls of vulnerability {unknown}
 p - 2 scrolls of poison {unknown}
 t - a scroll of magic mapping {unknown}
 v - 2 scrolls of enchant weapon {unknown}
 B - a scroll of blinking {unknown}
 E - 2 scrolls of immolation {unknown}
Potions
 f - 7 potions of curing {unknown}
 g - 2 potions of degeneration {unknown}
 j - 2 potions of brilliance {unknown}
 k - a potion of attraction {unknown}
 m - 2 potions of lignification {unknown}
 r - a potion of mutation {unknown}
 x - 4 potions of heal wounds {unknown}
 D - a potion of haste {unknown}
 F - 3 potions of ambrosia {unknown}


   Skills:
 + Level 7.4 Fighting
 - Level 2.1 Dodging
 - Level 1.5 Stealth
 + Level 9.9 Spellcasting


You knew the following spells:

 Your Spells              Type           Power      Damage    Failure   Level
a - Magic Dart            Conj           100%       1d8       1%          1
b - Searing Ray           Conj           100%       2d8       1%          2
c - Dazzling Flash        Conj/Hex       100%       N/A       1%          3
d - Fulminant Prism       Conj/Hex       27%        3d14      1%          4
e - Shock                 Conj/Air       100%       1d9       1%          1
f - Mephitic Cloud        Conj/Pois/Air  72%        N/A       1%          3
g - Stone Arrow           Conj/Erth      100%       3d13      1%          3
w - Passwall              Tmut/Erth      45%        N/A       1%          2
x - Iskenderun's Mystic   Conj/Tloc      54%        2d12      1%          4
Your spell library was empty.

Dungeon Overview and Level Annotations

Branches:
Dungeon (8/15)             Temple (1/1) D:5
   Lair: D:8-11

Altars:
Ashenzari
Cheibriados
Dithmenos
Elyvilon
Fedhas
Gozag
Hepliaklqana
Makhleb
Nemelex Xobeh
Okawaru
Qazlal
Ru
Trog
Uskayaw
Wu Jian
Xom
Yredelemnul
Zin
The Shining One


Innate Abilities, Weirdness & Mutations

You are immune to sickness and miasma.
You are immune to poison.
Your flesh is very heat resistant. (rF++)
You are vulnerable to cold. (rC-)
You float through the air rather than walking.
You learn spells naturally, not from books.
Your magical power is your life essence.
You have superior vitality. (+4 MHP)


Message History

A water moccasin comes into view.
Health restored: 72 A water moccasin is nearby!
The magic dart hits the water moccasin!
The water moccasin hisses angrily.
Casting: Magic Dart (safe; 1% risk of failure)
Confirm with . or Enter, or press ? or * to list all spells.
Aiming: Searing Ray (safe; 1% risk of failure)
Press: ? - help, Shift-Dir - straight line, f/p - water moccasin
Aim: a water moccasin (moderately wounded, 72% to hit)
The searing ray misses the water moccasin. (Press . to maintain the ray.)
The water moccasin closely misses you.
You take 2 damage, and have 70/72 hp.
The searing ray hits the water moccasin.
The water moccasin bites you. The water moccasin closely misses you.
You take 7 damage, and have 63/72 hp.
The searing ray hits the water moccasin.
The water moccasin bites you but does no damage.
The searing ray hits the water moccasin!
You finish channelling your searing ray.
An orc comes into view. It is wielding a +0 whip.
The orc shouts!
Health restored: 73 An orc is nearby!
An orc is nearby!
The magic dart hits the orc.
The magic dart hits the orc!
You take 1 damage, and have 72/73 hp.
You can't see any susceptible monsters within range! (Use Z to cast anyway.)
You reach down and open the door.
There is an open door here.
A brown ugly thing, a centaur warrior, a boulder beetle and a troll come into view.
The centaur warrior shouts!
You hear a shout!
The centaur warrior wields a +0 longbow.
The centaur warrior shoots an arrow.
The arrow hits you!!
The brown ugly thing gurgles horribly!
The troll shouts!
You take 22 damage, and have 50/73 hp.
MASSIVE DAMAGE!!
There are monsters nearby!
There are monsters nearby!
A vampire mosquito comes into view.
A troll comes into view.
The centaur warrior shoots an arrow.
The arrow hits you!
You take 9 damage, and have 41/73 hp.
The centaur warrior shoots an arrow.
The arrow hits you!
There is an open door here.
You take 16 damage, and have 25/73 hp.
MASSIVE DAMAGE!!
You reach down and close the door.
A centaur warrior opens the door.
Okay, then.
Casting: Magic Dart (safe; 1% risk of failure)
Confirm with . or Enter, or press ? or * to list all spells.
Aiming: Stone Arrow (safe; 1% risk of failure)
Press: ? - help, Shift-Dir - straight line, f - centaur warrior
Aim: a centaur warrior, wielding a +0 longbow and wearing a +0 barding (87% to hit)
The stone arrow hits the centaur warrior!!
The centaur warrior unwields a +0 longbow.
The centaur warrior hits you but does no damage.
The centaur warrior kicks you but does no damage.
You take 3 damage, and have 23/73 hp.
Casting: Stone Arrow (safe; 1% risk of failure)
Confirm with . or Enter, or press ? or * to list all spells.
Aiming: Stone Arrow (safe; 1% risk of failure)
Press: ? - help, Shift-Dir - straight line, f/p - centaur warrior
Aim: a centaur warrior, wearing a +0 barding (heavily wounded, 87% to hit)
The stone arrow hits the centaur warrior!!
* * * LOW HITPOINT WARNING * * *
The centaur warrior barely misses you. The centaur warrior closely misses you.
You take 3 damage, and have 20/73 hp.
Casting: Stone Arrow (safe; 1% risk of failure)
Confirm with . or Enter, or press ? or * to list all spells.
Aiming: Stone Arrow (safe; 1% risk of failure)
Press: ? - help, Shift-Dir - straight line, f/p - centaur warrior
Aim: a centaur warrior, wearing a +0 barding (almost dead, 87% to hit)
The stone arrow hits the centaur warrior!
* * * LOW HITPOINT WARNING * * *
The vampire mosquito bites you but does no damage.
Your Fighting skill increases to level 7!
You take 2 damage, and have 18/75 hp.
Casting: Stone Arrow (safe; 1% risk of failure)
Confirm with . or Enter, or press ? or * to list all spells.
Aiming: Stone Arrow (safe; 1% risk of failure)
Press: ? - help, Shift-Dir - straight line, f - vampire mosquito
Aim: a vampire mosquito (63% to hit)
The stone arrow hits the vampire mosquito!!
* * * LOW HITPOINT WARNING * * *
The vampire mosquito misses you. The vampire mosquito bites you.
* * * LOW HITPOINT WARNING * * *
You take 8 damage, and have 10/75 hp.
Casting: Stone Arrow (safe; 1% risk of failure)
Confirm with . or Enter, or press ? or * to list all spells.
You erupt in a blast of force!
The mystic blast hits the troll!
The troll is knocked back by the mystic blast.
The troll slams into the stone wall!
The mystic blast hits the vampire mosquito!
* * * LOW HITPOINT WARNING * * *
You hear a horrible gurgling sound!
You take 3 damage, and have 7/75 hp.
The troll attacks as you move away! The troll barely misses you.
The troll closely misses you. The troll claws you but does no damage.
The troll attacks as you move away! The troll bites you!
You die...

..##............#...........###
.....#....#...###...........#..
#.............###.##...##......
..#####'#####.....##...........
#.......#######...........#.#
#.#.......# ###..#.........
#.###.....# ##...........
#.#.#.###.##### ##.......[.)
..#.#.#.##.T@.# #......~)..
#.#)###..T###..# ##.....~.)<
#.#.#.....# #..# ........
#.#.......# #.# ........
#.......### .# .#......
#####)##### # #.##... ##.##.)#
.#+#.... #.#.#.u .......#
#.#.#.# .......#


You could see 2 trolls.

Vanquished Creatures
  A centaur warrior (D:8)
  A steam dragon (D:7)
  Eustachio (D:6)
  A vampire mosquito (D:8)
  Menkaure (D:5)
  3 water moccasins
  2 black bears
  2 sky beasts (D:7)
  2 ogres
  A centaur (D:6)
  3 kobold brigands
  4 bullfrogs
  2 scorpions
  5 killer bees (D:7)
  4 howler monkeys
  A quasit (D:8)
  2 jellies
  A gnoll bouda (D:8)
  4 hounds
  Jessica (D:3)
  A sleepcap (D:4)
  An iguana (D:6)
  Robin (D:2)
  6 adders
  8 gnolls
  4 shadow imps
  2 white imps
  An ufetubus (D:6)
  2 worms
  5 dart slugs
  8 orcs
  4 ball pythons
  6 endoplasms
  A giant cockroach (D:1)
  21 goblins
  10 hobgoblins
  7 jackals
  23 kobolds
  6 quokkas
  6 bats
  3 frilled lizards
  7 rats
175 creatures vanquished.

Vanquished Creatures (others)
  A ball python (D:4)
  2 fulminant prisms (D:5)
3 creatures vanquished.

Grand Total: 178 creatures vanquished

Notes
Turn   | Place    | Note
-------+----------+-------------------------------------------
     0 | D:1      | IndexError the Djinni Conjurer began the quest for the Orb.
     0 | D:1      | IndexError set off with the following spells memorised:
                  | Magic Dart, Searing Ray, Dazzling Flash, Fulminant Prism,
                  | Iskenderun's Mystic Blast.
     0 | D:1      | Reached XP level 1. HP: 15/15 MP: 0/0
    91 | D:1      | Reached XP level 2. HP: 19/21 MP: 0/0
   559 | D:1      | Reached XP level 3. HP: 18/25 MP: 0/0
   559 | D:1      | Learned a level 1 spell: Shock
   908 | D:2      | Found a sparkling altar of Nemelex Xobeh.
   974 | D:2      | Reached skill level 4 in Spellcasting
  1097 | D:2      | Reached XP level 4. HP: 29/31 MP: 0/0
  1131 | D:2      | Noticed Robin
  1140 | D:2      | Killed Robin
  1249 | D:2      | You are sucked into a shaft and drop 2 floors!
  1293 | D:4      | Reached XP level 5. HP: 31/35 MP: 0/0
  1293 | D:4      | Learned a level 2 spell: Passwall
  1344 | D:4      | Noticed an ogre
  1348 | D:4      | Noticed a black bear
  1349 | D:4      | Killed an ogre
  1350 | D:4      | Reached skill level 5 in Spellcasting
  1376 | D:3      | Found a white marble altar of Elyvilon.
  1480 | D:3      | Noticed Jessica
  1483 | D:3      | Killed Jessica
  1484 | D:3      | Reached XP level 6. HP: 36/40 MP: 0/0
  2335 | D:3      | Found a burning altar of Makhleb.
  2768 | D:3      | Found a faded altar of an unknown god.
  3145 | D:4      | Killed a black bear
  3146 | D:4      | Reached skill level 6 in Spellcasting
  3146 | D:4      | Reached XP level 7. HP: 33/45 MP: 0/0
  3146 | D:4      | Learned a level 3 spell: Mephitic Cloud
  3420 | D:4      | Found a shimmering altar of Xom.
  4019 | D:5      | Entered Level 5 of the Dungeon
  4024 | D:5      | Found a staircase to the Ecumenical Temple.
  4032 | Temple   | Entered the Ecumenical Temple
  4054 | D:5      | Noticed a water moccasin
  4060 | D:5      | Killed a water moccasin
  4177 | D:5      | Reached skill level 7 in Spellcasting
  4228 | D:5      | Reached XP level 8. HP: 44/50 MP: 0/0
  4287 | D:5      | Found an ornate altar of the Wu Jian Council.
  4513 | D:5      | Noticed a +0 hand axe
  4513 | D:5      | Noticed a +0 dagger
  4514 | D:5      | Found a hide-covered altar of Uskayaw.
  4516 | D:5      | Noticed Menkaure
  4526 | D:5      | Killed Menkaure
  5186 | D:6      | Noticed Eustachio
  5191 | D:6      | Killed Eustachio
  5192 | D:6      | Reached skill level 8 in Spellcasting
  5192 | D:6      | Reached skill level 1 in Fighting
  5401 | D:6      | Found an iron altar of Okawaru.
  5612 | D:6      | Found a glowing silver altar of Zin.
  5647 | D:6      | HP: 11/54 [centaur/arrow (11)]
  5649 | D:6      | HP: 5/54 [centaur/arrow (5)]
  5652 | D:6      | Reached skill level 2 in Fighting
  6170 | D:6      | Found a hazy altar of Hepliaklqana.
  6407 | D:7      | Reached skill level 3 in Fighting
  6407 | D:7      | Reached XP level 9. HP: 54/60 MP: 0/0
  6407 | D:7      | Learned a level 3 spell: Stone Arrow
  6663 | D:7      | Reached skill level 4 in Fighting
  7026 | D:7      | Reached skill level 5 in Fighting
  7205 | D:7      | Reached skill level 9 in Spellcasting
  8367 | D:8      | Reached skill level 6 in Fighting
  8376 | D:8      | Reached XP level 10. HP: 36/72 MP: 0/0
  8556 | D:8      | Found a broken altar of Ashenzari.
  8563 | D:8      | Became a worshipper of Ashenzari the Shackled
  8713 | D:8      | Noticed a brown ugly thing
  8713 | D:8      | Noticed a centaur warrior
  8713 | D:8      | Noticed a boulder beetle
  8722 | D:8      | Killed a centaur warrior
  8723 | D:8      | Reached skill level 7 in Fighting
  8723 | D:8      | HP: 10/75 [vampire mosquito (5)]
  8732 | D:8      | Slain by a troll

Illustrated notes

Levels and vault maps discovered:
D:1:      erik_arrival_blinker_ship, layout_loops_ring,
          corexii_item_surrounded_by_moat
D:2:      layout_rooms, basic_altar, minivault_5,
          minmay_randomly_rotated_circles, uniq_robin
D:3:      layout_loops_corners, mainiacjoe_overflow_large_starburst,
          hellmonk_ecumenical_altar_leap_of_faith, minmay_misc_feat_pillars,
          grunt_ministairs_10, minmay_quadrilaterals, uniq_jessica
D:4:      layout_cave_pods, tgw_xom, eino_tiny_chamber, hangedman_decor_push
D:5:      layout_loops_cross, dancing_weapons_uskayaw,
          nicolae_wu_jian_wuxing_cycle, minmay_temple_entry_grid, uniq_menkaure
D:6:      layout_basic, lemuel_round_altar, okawaru_trees_2,
          mainiacjoe_overflow_alcove_2, uniq_eustachio
D:7:      layout_layer_cave, grunt_ministairs_13, minmay_unpleasant_kobolds
D:8:      minmay_the_grid_plus_closed [minmay_the_grid_zigzag_pyramid,
          minmay_the_grid_minigrid_small_alt, minmay_the_grid_dragon_b,
          minmay_the_grid_eight, minmay_the_grid_prize_four_corners_diamond_b],
          layout_basic, evilmike_ruin_ashenzari, serial_shops,
          nicolae_shop_hallway_plus, serial_demonic, serial_demonic_c,
          serial_demonic_b, serial_demonic_e, serial_demonic_a,
          serial_demonic_g, serial_demonic_a, serial_demonic_d,
          serial_demonic_c, serial_demonic_a, serial_demonic_a,
          minmay_strange_pillars, uniq_psyche
Temple:   minmay_freezing_vapour_temple

Skill      XL: |  1  2  3  4  5  6  7  8  9 10 |
---------------+-------------------------------+-----
Spellcasting   | 4 5 6 7 8 9 |  9.9
Fighting       | 3 6 7 |  7.4
Dodging        | |  2.1
Stealth        | |  1.5

Action                     |  1- 3 |  4- 6 |  7- 9 | 10-12 || total
---------------------------+-------+-------+-------+-------++-------
  Melee: Staff             |       |       |     3 |       ||     3
   Cast: Magic Dart        |    51 |   114 |   148 |     7 ||   320
         Searing Ray       |     2 |     7 |    22 |     1 ||    32
         Fulminant Prism   |       |       |     2 |       ||     2
         Iskenderun's Myst |       |       |    18 |     3 ||    21
         Stone Arrow       |       |       |     4 |     4 ||     8
 Armour: Robe              |     2 |     6 |    21 |     5 ||    34
  Dodge: Dodged            |     5 |    11 |    28 |     7 ||    51

Levels and vault maps discovered:
D:1:      erik_arrival_blinker_ship, layout_loops_ring,
          corexii_item_surrounded_by_moat
D:2:      layout_rooms, basic_altar, minivault_5,
          minmay_randomly_rotated_circles, uniq_robin
D:3:      layout_loops_corners, mainiacjoe_overflow_large_starburst,
          hellmonk_ecumenical_altar_leap_of_faith, minmay_misc_feat_pillars,
          grunt_ministairs_10, minmay_quadrilaterals, uniq_jessica
D:4:      layout_cave_pods, tgw_xom, eino_tiny_chamber, hangedman_decor_push
D:5:      layout_loops_cross, dancing_weapons_uskayaw,
          nicolae_wu_jian_wuxing_cycle, minmay_temple_entry_grid, uniq_menkaure
D:6:      layout_basic, lemuel_round_altar, okawaru_trees_2,
          mainiacjoe_overflow_alcove_2, uniq_eustachio
D:7:      layout_layer_cave, grunt_ministairs_13, minmay_unpleasant_kobolds
D:8:      minmay_the_grid_plus_closed [minmay_the_grid_zigzag_pyramid,
          minmay_the_grid_minigrid_small_alt, minmay_the_grid_dragon_b,
          minmay_the_grid_eight, minmay_the_grid_prize_four_corners_diamond_b],
          layout_basic, evilmike_ruin_ashenzari, serial_shops,
          nicolae_shop_hallway_plus, serial_demonic, serial_demonic_c,
          serial_demonic_b, serial_demonic_e, serial_demonic_a,
          serial_demonic_g, serial_demonic_a, serial_demonic_d,
          serial_demonic_c, serial_demonic_a, serial_demonic_a,
          minmay_strange_pillars, uniq_psyche
Temple:   minmay_freezing_vapour_temple

Table legend: (Time is in decaauts)
 A = Elapsed time spent in this place.
 B = Non-inter-level travel time spent in this place.
 C = Inter-level travel time spent in this place.
 D = Time resting spent in this place.
 E = Time spent auto-exploring this place.
 F = Levels seen in this place.
 G = Mean time per level.
                   A        B        C        D        E       F      G
               +--------+--------+--------+--------+--------+-----+--------+
         Total |   8735 |   8008 |    727 |      0 |   7134 |   9 |  970.6 |
       Dungeon |   8720 |   7997 |    723 |      0 |   7124 |   8 | 1090.0 |
        Temple |     15 |     11 |      4 |      0 |     10 |   1 |   15.0 |
               +--------+--------+--------+--------+--------+-----+--------+

Top non-repeatable levels by time:
     D:7: 1752 daAuts
     D:6: 1363 daAuts
     D:4: 1218 daAuts
     D:3: 1196 daAuts
     D:5: 1034 daAuts
     D:1: 904 daAuts
     D:2: 789 daAuts
     D:8: 459 daAuts
  Temple: 15 daAuts

Table legend:
 A = Kills in this place as a percentage of kills in the entire game.
 B = Kills by you in this place as a percentage of kills by you in the entire game.
 C = Kills by friends in this place as a percentage of kills by friends in the entire game.
 D = Other kills in this place as a percentage of other kills in the entire game.
 E = Experience gained in this place as a percentage of experience gained in the entire game.
 F = Experience gained in this place divided by the number of levels of this place that you have seen.
                   A       B       C       D       E      F
               +-------+-------+-------+-------+-------+----------------------
         Total | 100.0 | 100.0 |   N/A | 100.0 | 100.0 | 574.0
       Dungeon | 100.0 | 100.0 |   N/A | 100.0 | 100.0 | 645.8
               +-------+-------+-------+-------+-------+----------------------
